[ AOE2 MATCH · #475141081 ]
UnrankedBritons vs Mongols
[ REPLAY ANALYSIS · EXTRACTED FROM THE RECORDED GAME ]
Feudal
9:36
Castle
22:14
Imperial
—
| APM avg | 53.5 |
| APM peak | 132 |
| eAPM avg | 22.4 |
| Villagers / military | 61 / 63 |
Focus
⚔️ 40.8% · 🌾 59.2%
Archer ×63
Feudal
9:18
Castle
16:50
Imperial
—
| APM avg | 25.7 |
| APM peak | 52 |
| eAPM avg | 15.0 |
| Villagers / military | 46 / 9 |
Focus
⚔️ 16.9% · 🌾 83.1%
Mangudai ×8 · Mangonel ×1
Feudal
9:48
Castle
21:19
Imperial
—
| APM avg | 51.0 |
| APM peak | 77 |
| eAPM avg | 16.7 |
| Villagers / military | 53 / 21 |
Focus
⚔️ 13.2% · 🌾 86.8%
Knight ×9 · Scout Cavalry ×8 · Mangonel ×3 · Spearman ×1
Feudal
9:47
Castle
24:49
Imperial
—
| APM avg | 73.0 |
| APM peak | 112 |
| eAPM avg | 29.0 |
| Villagers / military | 62 / 38 |
Focus
⚔️ 14.8% · 🌾 85.2%
Scout Cavalry ×28 · Camel Scout ×10
Match map
Initial resources + every placement click. Lines = walls · curves = elevation contours. ◆ gold · ⬟ stone · ● berries · ✦ relic · ◌ wall gap
Inputs per minute
— TiTuS_RuSo - - 來都來了
Build order — TiTuS_RuSo
First 150 of 225 actions detected
| 0:06 | Build | Town Center |
| 1:09 | Create | Villager (Male) |
| 1:09 | Create | Villager (Male) |
| 1:09 | Create | Villager (Male) |
| 1:10 | Create | Villager (Male) |
| 1:10 | Create | Villager (Male) |
| 1:59 | Create | Villager (Male) |
| 1:59 | Create | Villager (Male) |
| 2:14 | Create | Villager (Male) |
| 2:20 | Build | Mill |
| 3:05 | Build | Lumber Camp |
| 3:41 | Create | Villager (Male) |
| 3:41 | Create | Villager (Male) |
| 3:41 | Create | Villager (Male) |
| 3:41 | Create | Villager (Male) |
| 3:57 | Create | Villager (Male) |
| 4:25 | Create | Villager (Male) |
| 5:07 | Create | Villager (Male) |
| 6:03 | Create | Villager (Male) |
| 6:20 | Build | Palisade Wall |
| 6:25 | Create | Villager (Male) |
| 6:38 | Research | Loom |
| 7:17 | Research | Feudal Age |
| 7:17 | Research | Feudal Age |
| 7:27 | Build | Mining Camp |
| 7:41 | Build | Barracks |
| 8:05 | Build | Palisade Wall |
| 8:12 | Build | House |
| 8:47 | Build | House |
| 8:48 | Build | Palisade Wall |
| 8:49 | Build | Palisade Wall |
| 9:12 | Create | Villager (Male) |
| 9:36 | Age | Feudal Age |
| 9:40 | Build | Archery Range |
| 9:43 | Build | Archery Range |
| 9:46 | Build | Palisade Wall |
| 9:48 | Build | Palisade Wall |
| 9:52 | Create | Villager (Male) |
| 10:06 | Research | Double-Bit Axe |
| 10:07 | Research | Double-Bit Axe |
| 10:09 | Create | Villager (Male) |
| 10:33 | Build | Palisade Wall |
| 10:34 | Build | Palisade Wall |
| 10:35 | Build | Palisade Wall |
| 10:35 | Build | Palisade Wall |
| 10:39 | Build | Palisade Wall |
| 10:40 | Build | Palisade Wall |
| 10:41 | Build | Palisade Wall |
| 10:42 | Build | Palisade Wall |
| 10:44 | Create | Archer |
| 10:45 | Create | Archer |
| 11:07 | Create | Villager (Male) |
| 11:08 | Create | Archer |
| 11:08 | Create | Archer |
| 11:09 | Create | Archer |
| 11:09 | Create | Villager (Male) |
| 11:24 | Build | House |
| 11:25 | Create | Villager (Male) |
| 11:36 | Build | Building 804 |
| 11:37 | Create | Villager (Male) |
| 11:38 | Create | Archer |
| 11:39 | Create | Archer |
| 11:42 | Build | Palisade Wall |
| 11:44 | Build | Palisade Wall |
| 11:46 | Build | House |
| 11:47 | Create | Villager (Male) |
| 11:48 | Create | Archer |
| 11:48 | Create | Archer |
| 12:02 | Build | House |
| 12:06 | Create | Villager (Male) |
| 12:25 | Create | Archer |
| 12:42 | Create | Villager (Male) |
| 12:45 | Build | House |
| 12:46 | Create | Villager (Male) |
| 12:47 | Create | Archer |
| 12:47 | Create | Archer |
| 12:51 | Build | House |
| 13:06 | Build | Blacksmith |
| 13:14 | Create | Villager (Male) |
| 13:15 | Create | Archer |
| 13:15 | Create | Archer |
| 13:27 | Build | Palisade Wall |
| 13:28 | Build | Palisade Wall |
| 13:29 | Build | Palisade Wall |
| 13:29 | Build | Palisade Wall |
| 13:33 | Create | Villager (Male) |
| 13:34 | Create | Archer |
| 13:34 | Create | Archer |
| 13:50 | Create | Villager (Male) |
| 13:53 | Research | Gold Mining |
| 13:54 | Create | Archer |
| 13:55 | Create | Archer |
| 14:13 | Research | Fletching |
| 14:13 | Research | Fletching |
| 14:14 | Research | Fletching |
| 14:15 | Create | Villager (Male) |
| 14:18 | Build | House |
| 14:32 | Create | Villager (Male) |
| 14:40 | Build | Farm |
| 14:41 | Build | Farm |
| 14:42 | Build | Farm |
| 14:43 | Build | Farm |
| 14:50 | Build | House |
| 14:59 | Build | House |
| 15:11 | Create | Villager (Male) |
| 15:12 | Create | Archer |
| 15:13 | Create | Archer |
| 15:31 | Create | Villager (Male) |
| 15:35 | Build | House |
| 15:44 | Build | House |
| 15:45 | Build | House |
| 15:46 | Create | Villager (Male) |
| 15:47 | Create | Archer |
| 15:48 | Create | Archer |
| 16:06 | Create | Villager (Male) |
| 16:07 | Create | Archer |
| 16:08 | Create | Archer |
| 16:08 | Create | Archer |
| 16:10 | Build | House |
| 16:11 | Build | Palisade Wall |
| 16:12 | Build | Palisade Wall |
| 16:13 | Build | Palisade Wall |
| 16:14 | Build | Palisade Wall |
| 16:21 | Create | Archer |
| 16:21 | Create | Archer |
| 16:28 | Build | Farm |
| 16:40 | Create | Villager (Male) |
| 16:59 | Create | Villager (Male) |
| 17:00 | Create | Archer |
| 17:00 | Create | Archer |
| 17:23 | Create | Villager (Male) |
| 17:33 | Build | Farm |
| 17:34 | Build | Farm |
| 17:38 | Build | Farm |
| 17:58 | Create | Villager (Male) |
| 17:59 | Create | Archer |
| 17:59 | Create | Archer |
| 18:06 | Create | Archer |
| 18:06 | Create | Archer |
| 18:14 | Create | Villager (Male) |
| 18:26 | Build | Farm |
| 18:30 | Build | House |
| 19:01 | Create | Villager (Male) |
| 19:03 | Create | Archer |
| 19:03 | Create | Archer |
| 19:03 | Create | Archer |
| 19:30 | Create | Archer |
| 19:30 | Create | Archer |
| 19:32 | Create | Villager (Male) |
| 19:34 | Research | Castle Age |
Build order — 來都來了
95 actions detected in the replay
| 0:38 | Build | Town Center |
| 1:43 | Create | Villager (Male) |
| 1:43 | Create | Villager (Male) |
| 1:43 | Create | Villager (Male) |
| 1:43 | Create | Villager (Male) |
| 1:44 | Create | Villager (Male) |
| 2:14 | Create | Villager (Male) |
| 2:14 | Create | Villager (Male) |
| 2:36 | Research | Loom |
| 2:40 | Create | Villager (Male) |
| 2:40 | Create | Villager (Male) |
| 2:40 | Create | Villager (Male) |
| 3:01 | Create | Villager (Male) |
| 3:01 | Create | Villager (Male) |
| 3:12 | Create | Villager (Male) |
| 3:12 | Create | Villager (Male) |
| 4:08 | Create | Villager (Male) |
| 4:09 | Create | Villager (Male) |
| 4:09 | Create | Villager (Male) |
| 4:28 | Create | Villager (Male) |
| 4:28 | Create | Villager (Male) |
| 4:51 | Create | Villager (Male) |
| 4:51 | Create | Villager (Male) |
| 4:51 | Create | Villager (Male) |
| 4:58 | Build | Mill |
| 6:14 | Build | Lumber Camp |
| 7:00 | Research | Feudal Age |
| 8:31 | Build | Mining Camp |
| 8:50 | Create | Villager (Male) |
| 9:18 | Age | Feudal Age |
| 9:18 | Build | House |
| 9:21 | Build | House |
| 9:25 | Research | Double-Bit Axe |
| 9:28 | Create | Villager (Male) |
| 9:30 | Research | Town Watch |
| 9:57 | Create | Villager (Male) |
| 9:57 | Create | Villager (Male) |
| 10:11 | Create | Villager (Male) |
| 10:12 | Create | Villager (Male) |
| 10:25 | Build | Mill |
| 10:29 | Create | Villager (Male) |
| 10:35 | Build | House |
| 10:45 | Create | Villager (Male) |
| 10:45 | Create | Villager (Male) |
| 11:09 | Create | Villager (Male) |
| 11:10 | Create | Villager (Male) |
| 11:46 | Build | Blacksmith |
| 12:31 | Build | Market |
| 12:35 | Create | Villager (Male) |
| 13:24 | Build | House |
| 13:27 | Build | Barracks |
| 13:42 | Create | Villager (Male) |
| 13:53 | Build | House |
| 14:10 | Research | Castle Age |
| 14:42 | Build | Stable |
| 15:31 | Research | Stone Mining |
| 16:49 | Create | Villager (Male) |
| 16:50 | Age | Castle Age |
| 16:57 | Build | Siege Workshop |
| 17:05 | Research | Horse Collar |
| 17:28 | Create | Villager (Male) |
| 17:28 | Create | Villager (Male) |
| 17:28 | Create | Villager (Male) |
| 17:35 | Create | Mangonel |
| 18:05 | Build | Lumber Camp |
| 18:24 | Build | Castle |
| 19:01 | Build | House |
| 19:02 | Build | House |
| 19:41 | Create | Mangudai |
| 19:42 | Create | Mangudai |
| 19:42 | Create | Mangudai |
| 20:24 | Create | Mangudai |
| 21:03 | Create | Mangudai |
| 22:00 | Build | House |
| 22:02 | Build | House |
| 22:39 | Build | Mill |
| 22:48 | Build | House |
| 22:51 | Build | House |
| 22:57 | Create | Mangudai |
| 23:09 | Build | House |
| 23:26 | Build | Stone Wall |
| 23:36 | Build | Building 665 |
| 23:47 | Create | Villager (Male) |
| 23:47 | Create | Villager (Male) |
| 23:52 | Build | House |
| 24:03 | Create | Mangudai |
| 24:03 | Create | Mangudai |
| 24:29 | Build | Farm |
| 25:17 | Create | Villager (Male) |
| 25:18 | Create | Villager (Male) |
| 25:39 | Research | Fletching |
| 26:04 | Build | Stable |
| 26:07 | Create | Villager (Male) |
| 26:34 | Create | Villager (Male) |
| 26:35 | Create | Villager (Male) |
Build order — jeff011095
122 actions detected in the replay
| 0:24 | Build | Town Center |
| 1:28 | Create | Villager (Male) |
| 1:29 | Create | Villager (Male) |
| 1:29 | Create | Villager (Male) |
| 1:29 | Create | Villager (Male) |
| 1:30 | Create | Villager (Male) |
| 2:11 | Create | Villager (Male) |
| 4:02 | Build | Mill |
| 4:10 | Create | Villager (Male) |
| 4:10 | Create | Villager (Male) |
| 4:23 | Create | Villager (Male) |
| 4:23 | Create | Villager (Male) |
| 4:29 | Create | Villager (Male) |
| 4:29 | Create | Villager (Male) |
| 5:17 | Build | House |
| 5:24 | Create | Villager (Male) |
| 5:59 | Create | Villager (Male) |
| 7:00 | Build | Lumber Camp |
| 7:11 | Research | Loom |
| 7:33 | Research | Feudal Age |
| 8:11 | Build | Mill |
| 8:21 | Create | Villager (Male) |
| 8:51 | Create | Villager (Male) |
| 8:56 | Build | House |
| 9:30 | Build | Barracks |
| 9:37 | Create | Villager (Male) |
| 9:48 | Age | Feudal Age |
| 10:18 | Create | Villager (Male) |
| 10:45 | Build | Stable |
| 10:46 | Create | Villager (Male) |
| 10:55 | Create | Villager (Male) |
| 11:04 | Create | Spearman |
| 11:05 | Create | Villager (Male) |
| 11:26 | Create | Scout Cavalry |
| 11:26 | Create | Scout Cavalry |
| 11:39 | Build | House |
| 11:41 | Create | Scout Cavalry |
| 11:50 | Build | House |
| 12:14 | Build | Blacksmith |
| 12:34 | Create | Villager (Male) |
| 12:40 | Build | House |
| 12:56 | Create | Scout Cavalry |
| 13:14 | Create | Villager (Male) |
| 13:17 | Build | Mill |
| 13:23 | Create | Scout Cavalry |
| 13:27 | Research | Scale Barding Armor |
| 13:28 | Research | Forging |
| 13:32 | Build | Farm |
| 13:33 | Build | Farm |
| 13:41 | Create | Villager (Male) |
| 13:58 | Create | Villager (Male) |
| 14:16 | Create | Villager (Male) |
| 14:20 | Create | Scout Cavalry |
| 14:21 | Create | Villager (Male) |
| 14:59 | Create | Villager (Male) |
| 15:15 | Create | Scout Cavalry |
| 15:16 | Create | Villager (Male) |
| 15:32 | Build | Farm |
| 15:38 | Build | Farm |
| 15:43 | Create | Scout Cavalry |
| 15:54 | Create | Villager (Male) |
| 16:01 | Build | Farm |
| 16:07 | Create | Villager (Male) |
| 16:10 | Build | House |
| 16:36 | Build | House |
| 16:40 | Create | Villager (Male) |
| 17:08 | Build | Mill |
| 17:24 | Build | Farm |
| 17:28 | Create | Villager (Male) |
| 18:08 | Create | Villager (Male) |
| 18:23 | Create | Villager (Male) |
| 18:41 | Research | Castle Age |
| 19:01 | Research | Bloodlines |
| 19:44 | Create | Villager (Male) |
| 20:13 | Build | Stable |
| 20:47 | Create | Villager (Male) |
| 21:11 | Build | House |
| 21:19 | Age | Castle Age |
| 21:27 | Create | Knight |
| 21:27 | Create | Knight |
| 21:30 | Create | Knight |
| 21:30 | Create | Knight |
| 21:34 | Create | Villager (Male) |
| 22:07 | Build | Town Center |
| 22:08 | Create | Villager (Male) |
| 22:14 | Research | Husbandry |
| 22:15 | Create | Knight |
| 22:16 | Create | Villager (Male) |
| 22:26 | Build | Mill |
| 22:44 | Research | Iron Casting |
| 23:01 | Build | Farm |
| 23:01 | Build | Farm |
| 23:01 | Build | Farm |
| 23:02 | Build | Farm |
| 23:02 | Build | Farm |
| 23:22 | Create | Villager (Male) |
| 23:34 | Build | Market |
| 23:45 | Create | Knight |
| 23:45 | Create | Knight |
| 24:01 | Create | Knight |
| 24:01 | Create | Knight |
| 24:19 | Create | Villager (Male) |
| 24:35 | Create | Villager (Male) |
| 24:41 | Build | Siege Workshop |
| 24:52 | Create | Villager (Male) |
| 25:04 | Create | Villager (Male) |
| 25:04 | Create | Villager (Male) |
| 25:13 | Create | Mangonel |
| 25:13 | Create | Mangonel |
| 25:27 | Build | Farm |
| 25:32 | Build | Farm |
| 25:36 | Build | Farm |
| 25:36 | Build | Farm |
| 25:59 | Build | Farm |
| 26:05 | Create | Villager (Male) |
| 26:11 | Create | Villager (Male) |
| 26:13 | Create | Villager (Male) |
| 26:31 | Create | Villager (Male) |
| 26:32 | Create | Villager (Male) |
| 26:39 | Create | Villager (Male) |
| 26:44 | Create | Mangonel |
| 26:47 | Create | Villager (Male) |
Build order — TiTuS_McKroket
First 150 of 157 actions detected
| 0:18 | Build | Town Center |
| 1:22 | Create | Villager (Male) |
| 1:22 | Create | Villager (Male) |
| 1:23 | Create | Villager (Male) |
| 1:28 | Create | Villager (Male) |
| 1:28 | Create | Villager (Male) |
| 2:05 | Create | Villager (Male) |
| 2:05 | Create | Villager (Male) |
| 2:09 | Build | Lumber Camp |
| 2:51 | Create | Villager (Male) |
| 2:51 | Create | Villager (Male) |
| 3:09 | Create | Villager (Male) |
| 3:09 | Create | Villager (Male) |
| 4:02 | Research | Loom |
| 4:26 | Create | Villager (Male) |
| 4:27 | Create | Villager (Male) |
| 4:40 | Create | Villager (Male) |
| 4:40 | Create | Villager (Male) |
| 4:46 | Create | Villager (Male) |
| 4:46 | Create | Villager (Male) |
| 5:02 | Create | Villager (Male) |
| 5:10 | Create | Villager (Male) |
| 5:10 | Create | Villager (Male) |
| 5:46 | Create | Villager (Male) |
| 6:04 | Build | House |
| 6:06 | Create | Villager (Male) |
| 6:16 | Create | Villager (Male) |
| 6:29 | Build | Mill |
| 6:41 | Create | Villager (Male) |
| 7:26 | Research | Feudal Age |
| 7:46 | Build | Palisade Wall |
| 7:55 | Build | Barracks |
| 7:58 | Build | House |
| 8:05 | Build | Barracks |
| 8:27 | Create | Villager (Male) |
| 8:56 | Build | Mill |
| 9:24 | Build | Building 796 |
| 9:47 | Age | Feudal Age |
| 9:50 | Build | Stable |
| 9:58 | Research | Double-Bit Axe |
| 9:59 | Create | Villager (Male) |
| 10:18 | Build | Palisade Wall |
| 10:23 | Create | Villager (Male) |
| 10:27 | Build | House |
| 10:28 | Build | House |
| 10:29 | Create | Scout Cavalry |
| 10:30 | Create | Scout Cavalry |
| 10:30 | Create | Scout Cavalry |
| 10:37 | Build | Palisade Wall |
| 10:42 | Create | Villager (Male) |
| 10:51 | Build | House |
| 11:03 | Build | Blacksmith |
| 11:10 | Build | Palisade Gate |
| 11:24 | Create | Villager (Male) |
| 11:43 | Build | Pasture |
| 11:47 | Create | Villager (Male) |
| 12:09 | Build | Pasture |
| 12:10 | Create | Villager (Male) |
| 12:21 | Create | Scout Cavalry |
| 12:32 | Build | Pasture |
| 12:46 | Build | Pasture |
| 13:03 | Build | Pasture |
| 13:12 | Create | Villager (Male) |
| 13:29 | Build | Pasture |
| 13:33 | Create | Scout Cavalry |
| 13:33 | Create | Scout Cavalry |
| 13:33 | Create | Scout Cavalry |
| 13:41 | Research | Forging |
| 13:41 | Research | Forging |
| 14:08 | Create | Scout Cavalry |
| 14:08 | Create | Scout Cavalry |
| 14:30 | Create | Scout Cavalry |
| 14:37 | Build | Stable |
| 14:52 | Create | Scout Cavalry |
| 14:53 | Create | Villager (Male) |
| 14:59 | Build | Pasture |
| 15:13 | Create | Scout Cavalry |
| 15:18 | Build | House |
| 15:24 | Create | Villager (Male) |
| 15:32 | Create | Scout Cavalry |
| 15:32 | Create | Scout Cavalry |
| 15:34 | Create | Villager (Male) |
| 15:45 | Build | Lumber Camp |
| 15:47 | Create | Villager (Male) |
| 15:54 | Create | Scout Cavalry |
| 16:01 | Create | Villager (Male) |
| 16:14 | Build | Pasture |
| 16:20 | Create | Villager (Male) |
| 16:32 | Create | Scout Cavalry |
| 16:33 | Create | Scout Cavalry |
| 16:35 | Create | Villager (Male) |
| 16:58 | Create | Villager (Male) |
| 17:17 | Create | Scout Cavalry |
| 17:34 | Create | Scout Cavalry |
| 17:44 | Create | Villager (Male) |
| 17:46 | Create | Villager (Male) |
| 17:49 | Build | House |
| 17:50 | Build | House |
| 17:59 | Create | Villager (Male) |
| 18:02 | Create | Villager (Male) |
| 18:19 | Create | Villager (Male) |
| 18:24 | Research | Scale Barding Armor |
| 18:52 | Create | Villager (Male) |
| 19:00 | Create | Scout Cavalry |
| 19:00 | Create | Scout Cavalry |
| 19:31 | Create | Villager (Male) |
| 19:40 | Build | Mining Camp |
| 19:40 | Create | Villager (Male) |
| 19:57 | Build | Building 804 |
| 20:04 | Create | Villager (Male) |
| 20:09 | Build | Market |
| 20:12 | Create | Scout Cavalry |
| 20:13 | Create | Scout Cavalry |
| 20:19 | Build | Pasture |
| 20:31 | Create | Villager (Male) |
| 20:45 | Create | Scout Cavalry |
| 20:45 | Create | Scout Cavalry |
| 20:48 | Build | Palisade Wall |
| 20:57 | Build | House |
| 21:56 | Research | Castle Age |
| 22:22 | Research | Tech 1014 |
| 22:41 | Create | Scout Cavalry |
| 22:41 | Create | Scout Cavalry |
| 22:41 | Create | Scout Cavalry |
| 23:04 | Research | Gold Mining |
| 23:24 | Build | House |
| 23:27 | Build | House |
| 24:49 | Age | Castle Age |
| 24:55 | Build | Town Center |
| 24:59 | Create | Camel Scout |
| 25:00 | Create | Camel Scout |
| 25:00 | Create | Camel Scout |
| 25:00 | Create | Camel Scout |
| 25:03 | Research | Light Cavalry (upgrade) |
| 25:03 | Research | Husbandry |
| 25:05 | Create | Villager (Male) |
| 25:16 | Build | Town Center |
| 25:21 | Create | Camel Scout |
| 25:21 | Create | Camel Scout |
| 25:23 | Create | Villager (Male) |
| 25:31 | Create | Villager (Male) |
| 25:36 | Research | Bow Saw |
| 25:38 | Create | Villager (Male) |
| 25:44 | Create | Villager (Male) |
| 26:11 | Create | Villager (Male) |
| 26:21 | Create | Villager (Male) |
| 26:21 | Create | Villager (Male) |
| 26:24 | Build | Pasture |
| 26:26 | Build | Pasture |
| 26:42 | Create | Villager (Male) |
Match timeline
| 6:20 | TiTuS_RuSo · wall_segment Palisade Wall x1 |
| 7:41 | TiTuS_RuSo · first_building Barracks |
| 7:46 | TiTuS_McKroket · wall_segment Palisade Wall x19 |
| 7:55 | TiTuS_McKroket · first_building Barracks |
| 8:05 | TiTuS_RuSo · wall_segment Palisade Wall x1 |
| 8:48 | TiTuS_RuSo · wall_segment Palisade Wall x1 |
| 8:49 | TiTuS_RuSo · wall_segment Palisade Wall x1 |
| 9:18 | 來都來了 · age_up feudal |
| 9:30 | jeff011095 · first_building Barracks |
| 9:36 | TiTuS_RuSo · age_up feudal |
| 9:40 | TiTuS_RuSo · first_building Archery Range |
| 9:46 | TiTuS_RuSo · wall_segment Palisade Wall x1 |
| 9:47 | TiTuS_McKroket · age_up feudal |
| 9:48 | jeff011095 · age_up feudal |
| 9:48 | TiTuS_RuSo · wall_segment Palisade Wall x1 |
| 9:50 | TiTuS_McKroket · first_building Stable |
| 10:18 | TiTuS_McKroket · wall_segment Palisade Wall x1 |
| 10:33 | TiTuS_RuSo · wall_segment Palisade Wall x1 |
| 10:34 | TiTuS_RuSo · wall_segment Palisade Wall x1 |
| 10:35 | TiTuS_RuSo · wall_segment Palisade Wall x1 |
| 10:35 | TiTuS_RuSo · wall_segment Palisade Wall x1 |
| 10:37 | TiTuS_McKroket · wall_segment Palisade Wall x4 |
| 10:39 | TiTuS_RuSo · wall_segment Palisade Wall x1 |
| 10:40 | TiTuS_RuSo · wall_segment Palisade Wall x1 |
| 10:41 | TiTuS_RuSo · wall_segment Palisade Wall x1 |
| 10:42 | TiTuS_RuSo · wall_segment Palisade Wall x1 |
| 10:45 | jeff011095 · first_building Stable |
| 11:42 | TiTuS_RuSo · wall_segment Palisade Wall x1 |
| 11:44 | TiTuS_RuSo · wall_segment Palisade Wall x2 |
| 13:27 | TiTuS_RuSo · wall_segment Palisade Wall x1 |
| 13:27 | 來都來了 · first_building Barracks |
| 13:28 | TiTuS_RuSo · wall_segment Palisade Wall x1 |
| 13:29 | TiTuS_RuSo · wall_segment Palisade Wall x1 |
| 13:29 | TiTuS_RuSo · wall_segment Palisade Wall x1 |
| 14:42 | 來都來了 · first_building Stable |
| 16:11 | TiTuS_RuSo · wall_segment Palisade Wall x1 |
| 16:12 | TiTuS_RuSo · wall_segment Palisade Wall x1 |
| 16:13 | TiTuS_RuSo · wall_segment Palisade Wall x2 |
| 16:14 | TiTuS_RuSo · wall_segment Palisade Wall x1 |
| 16:50 | 來都來了 · age_up castle |
| 16:57 | 來都來了 · first_building Siege Workshop |
| 17:47 | 來都來了 · first_market_sell 100 wood |
| 18:24 | 來都來了 · first_building Castle |
| 20:48 | TiTuS_McKroket · wall_segment Palisade Wall x1 |
| 21:19 | jeff011095 · age_up castle |
| 21:24 | TiTuS_McKroket · first_market_sell 100 wood |
| 21:24 | TiTuS_McKroket · first_market_buy 100 food |
| 22:14 | TiTuS_RuSo · age_up castle |
| 23:26 | 來都來了 · wall_segment Stone Wall x9 |
| 23:46 | 來都來了 · first_market_buy 100 food |
| 24:41 | jeff011095 · first_building Siege Workshop |
| 24:49 | TiTuS_McKroket · age_up castle |
| 25:30 | jeff011095 · first_market_buy 100 food |
| 27:00 | jeff011095 · resign |
[ AI ANALYSIS · 1 CREDIT ]
What really happened in this match?
Wolo.gg analyzes every decision: build order, eco, micro, common mistakes by bracket. Personalized analysis on WhatsApp or Discord in 30 seconds.
Civ guide
Britons
Perfil
Jugador #1117082